BUFFALO vs DETROIT

Created - Monday, January 15, 2018 at 12:07

Goals
1 2 3 OT1 SO T
BUFFALO 1 0 1 0 2 3
DETROIT 1 0 1 0 1 2
Shots
1 2 3 OT1 SO T
BUFFALO 7 11 8 1 4 27
DETROIT 10 7 12 1 4 30

1st period

1. BUFFALO , Noah Hanifin 2 (Brad Marchand 19, Jakob Silfverberg 18) at 6:53 (PP)
2. DETROIT , Alex Galchenyuk 13 (Oscar Klefbom 21, Aaron Ekblad 11) at 17:48

Penalties :
Dustin Brown (DET) for Holding (Minor) at 2:06, Josh Gorges (DET) for Hooking (Minor) at 6:29, Drew Doughty (BUF) for Holding (Minor) at 14:39

2nd period

No Goal

Penalties :
Taylor Hall (DET) for Tripping (Minor) at 0:19, David Backes (BUF) for Roughing (Minor) at 8:03, Dustin Brown (DET) for Tripping (Minor) at 10:40, David Backes (BUF) for Holding (Minor) at 13:17, Kyle Palmieri (DET) for High sticking (Minor) at 16:45

3rd period

3. BUFFALO , Henrik Sedin 9 (Brad Marchand 20, Milan Lucic 9) at 8:14
4. DETROIT , Luke Glendening 14 (Oscar Klefbom 22, Yanni Gourde 9) at 11:27

Penalties :
Cody Goloubef (DET) for Holding (Minor) at 14:53

Overtime #1

No Goal

Penalties :
Josh Gorges (DET) for Hooking (Minor) at 1:17

Shootout

Penalty Shot by Brad Marchand for BUFFALO - Goal!
Penalty Shot by Steven Stamkos for DETROIT - Goal!
Penalty Shot by Alex Killorn for BUFFALO - Shot Misses the Net
Penalty Shot by T.J. Oshie for DETROIT - Stopped by Tuukka Rask
Penalty Shot by Jakob Silfverberg for BUFFALO - Stopped by Michael Hutchinson
Penalty Shot by Taylor Hall for DETROIT - Stopped by Tuukka Rask
Penalty Shot by J.T. Miller for BUFFALO - Goal!
Penalty Shot by Kyle Palmieri for DETROIT - Stopped by Tuukka Rask

Penalties :
No Penalty

Goalie Stats

Tuukka Rask (BUF), 28 saves from 30 shots - (0.933), W, 20-10-4, 65:00 minutes
Michael Hutchinson (DET), 25 saves from 27 shots - (0.926), OTL, 5-6-1, 65:00 minutes

Players Stats for BUFFALO

Player Name              G  A  P  +/- PIM S  H  SB GA TA FO     MP     PP MP  PK MP  
------------------------------------------------------------------------------------
Alex Killorn             0  0  0   0  0   3  0  0  0  0  2/5    10:50   0:00   3:09 
Brad Marchand            0  2  2   0  0   6  0  0  0  0  0/0    27:01   4:42   4:16 
David Backes             0  0  0   0  4   4  4  0  0  0  10/29  23:48   5:19   0:21 
Dominic Moore            0  0  0   0  0   0  0  0  0  0  3/7     8:46   0:00   2:39 
Drew Doughty             0  0  0  -1  2   0  1  2  0  0  0/0    28:43   6:00   1:27 
Frank Vatrano            0  0  0  -1  0   0  3  0  0  0  0/0    10:57   0:00   0:00 
Henrik Sedin             1  0  1   0  0   2  0  0  0  0  14/26  20:19   5:00   0:18 
J.T. Miller              0  0  0   0  0   1  0  0  0  0  0/3    17:32   4:19   0:00 
Jakob Silfverberg        0  1  1   0  0   2  0  0  0  0  3/5    20:00   5:19   0:00 
Jay Bouwmeester          0  0  0  -1  0   0  0  2  0  0  0/0    19:57   0:00   1:38 
Joonas Donskoi           0  0  0  -1  0   0  0  0  0  0  0/0    10:57   0:00   0:00 
Kevan Miller             0  0  0   0  0   0  0  0  0  0  0/0    11:19   0:38   0:00 
Milan Lucic              0  1  1   0  0   0  2  1  0  0  0/1    21:12   5:00   1:11 
Nikita Tryamkin          0  0  0   0  0   0  0  0  0  0  0/0     2:22   0:00   0:38 
Noah Hanifin             1  0  1   0  0   6  3  2  0  0  0/0    21:59   4:19   2:38 
Riley Nash               0  0  0  -1  0   0  0  0  0  0  3/11   12:39   1:18   0:00 
Roman Josi               0  0  0   0  0   2  0  1  0  0  0/0    28:25   5:22   3:19 
Shea Theodore            0  0  0   0  0   1  0  0  0  0  0/0    17:14   4:19   2:14 

Players Stats for DETROIT

Player Name              G  A  P  +/- PIM S  H  SB GA TA FO     MP     PP MP  PK MP  
------------------------------------------------------------------------------------
Aaron Ekblad             0  1  1   1  0   3  3  2  0  0  0/0    27:48   3:26   5:23 
Alex Galchenyuk          1  0  1   1  0   2  0  0  0  0  14/18  15:50   3:16   0:00 
Cody Goloubef            0  0  0   0  2   0  1  1  0  0  0/0    14:14   0:00   1:22 
Dustin Brown             0  0  0   1  4   6  1  0  0  0  1/2    17:23   3:16   1:35 
Jay McClement            0  0  0   0  0   0  0  0  0  0  0/1     6:31   0:00   1:13 
Josh Gorges              0  0  0   0  4   0  1  4  0  0  0/0    21:45   2:05   4:49 
Kyle Brodziak            0  0  0   0  0   0  0  0  0  0  10/16  12:14   1:42   3:30 
Kyle Palmieri            0  0  0   1  2   4  2  0  0  0  0/3    18:45   3:16   2:16 
Luke Glendening          1  0  1   1  0   1  2  0  0  0  6/14   11:27   0:59   0:00 
Matt Martin              0  0  0   0  0   0  2  0  0  0  0/0     4:52   0:00   0:11 
Nick Schultz             0  0  0   0  0   0  2  0  0  0  0/0    13:37   0:26   0:18 
Oscar Klefbom            0  2  2   1  0   1  0  2  0  0  0/0    24:33   3:26   5:24 
Ryan Murray              0  0  0   0  0   1  1  0  0  0  0/0    23:12   2:05   6:14 
Ryan Pulock              0  0  0   0  0   1  0  0  0  0  0/0     4:48   0:26   1:06 
Ryan Reaves              0  0  0   1  0   2  1  0  0  0  0/0    11:02   0:00   0:00 
Steven Stamkos           0  0  0  -1  0   1  1  0  0  0  12/19  15:27   0:00   0:00 
T.J. Oshie               0  0  0  -1  0   5  4  0  0  0  3/4    26:27   2:41   6:01 
Taylor Hall              0  0  0  -1  2   3  1  0  0  0  4/8    22:44   2:41   3:57 
Valeri Nichushkin        0  0  0   0  0   0  0  0  0  0  0/0     0:00   0:00   0:00 
Yanni Gourde             0  1  1   1  0   0  1  0  0  0  2/2    14:56   0:00   3:54 

3 Stars

1 - Noah Hanifin (BUF)
2 - Luke Glendening (DET)
3 - Oscar Klefbom (DET)

Power Play

BUFFALO - 1 on 7 Attempt(s) - 14.29%
DETROIT - 0 on 3 Attempt(s) - 0.00%

Penalty Kill

BUFFALO - 3 on 3 Attempt(s) - 100.00% - Score 0 goal in Penalty Kill
DETROIT - 6 on 7 Attempt(s) - 85.71% - Score 0 goal in Penalty Kill

Team Stat

BUFFALO - Hits : 13 - Faceoff Wins : 35 - Blocked Shots : 8 - Penalty Minutes : 6
DETROIT - Hits : 23 - Faceoff Wins : 52 - Blocked Shots : 9 - Penalty Minutes : 14

Official

Referees : Unknown
Linesman : Unknown

Game Notes

No Game Note

Finance

Level 1 -- Attendance: 3931 (65.52%) -- Ticket Income $432,410
Level 2 -- Attendance: 4071 (81.42%) -- Ticket Income $244,260
Level 3 -- Attendance: 1352 (67.60%) -- Ticket Income $54,080
Level 4 -- Attendance: 2822 (70.55%) -- Ticket Income $70,550
Luxury Box -- Attendance: 893 (89.30%) -- Ticket Income $160,740
Game was played at the Little Caesars Arena.
Total Attendance: 13069 (72.61%)
Total Ticket Income: $962,040
Total Income: $962,040

BUFFALO

5 vs 5 Forward 
   Center                   Left Wing                Right Wing               Time % Phy DF OF 
 1 Henrik Sedin             Milan Lucic              Brad Marchand            35     1   2  2  
 2 David Backes             J.T. Miller              Jakob Silfverberg        35     1   2  2  
 3 Dominic Moore            Alex Killorn             David Backes             22     1   2  2  
 4 Riley Nash               Joonas Donskoi           Frank Vatrano            8      1   2  2  

5 vs 5 Defense 
   Defense                  Defense                                           Time % Phy DF OF 
 1 Drew Doughty             Jay Bouwmeester                                   35     1   2  2  
 2 Roman Josi               Noah Hanifin                                      30     1   2  2  
 3 Kevan Miller             Shea Theodore                                     20     1   2  2  
 4 Drew Doughty             Roman Josi                                        15     1   2  2  

PowerPlay Forward 
   Center                   Left Wing                Right Wing               Time % Phy DF OF 
 1 David Backes             Brad Marchand            Jakob Silfverberg        60     1   2  2  
 2 Henrik Sedin             Milan Lucic              J.T. Miller              40     1   2  2  

PowerPlay Defense
   Defense                  Defense                                           Time % Phy DF OF 
 1 Drew Doughty             Roman Josi                                        60     1   2  2  
 2 Noah Hanifin             Shea Theodore                                     40     1   2  2  

Penalty Kill 4 Players Forward 
   Center                   Wing                     Time % Phy DF OF 
 1 David Backes             Brad Marchand            60     1   2  2  
 2 Dominic Moore            Alex Killorn             40     1   2  2  

Penalty Kill 4 Players Defense
   Defense                  Defense                  Time % Phy DF OF 
 1 Drew Doughty             Roman Josi               60     1   2  2  
 2 Jay Bouwmeester          Noah Hanifin             40     1   2  2  

Penalty Kill - 3 Players Forward 
   Forward                                           Time % Phy DF OF 
 1 Dominic Moore                                     60     1   2  2  
 2 Riley Nash                                        40     1   2  2  

Penalty Kill - 3 Players Defense
   Defense                  Defense                  Time % Phy DF OF 
 1 Drew Doughty             Roman Josi               60     1   2  2  
 2 Jay Bouwmeester          Noah Hanifin             40     1   2  2  

4 vs 4 Forward 
   Center                   Wing                     Time % Phy DF OF 
 1 Jakob Silfverberg        Brad Marchand            60     1   2  2  
 2 J.T. Miller              Alex Killorn             40     1   2  2  

4 vs 4 Defense
   Defense                  Defense                  Time % Phy DF OF 
 1 Drew Doughty             Roman Josi               60     1   2  2  
 2 Jay Bouwmeester          Noah Hanifin             40     1   2  2  

Last Minutes Offensive
   Center                   Left Wing                Right Wing               Defense                  Defense                  
   David Backes             Brad Marchand            Jakob Silfverberg        Drew Doughty             Roman Josi               

Last Minutes Defensive
   Center                   Left Wing                Right Wing               Defense                  Defense                  
   David Backes             Brad Marchand            Jakob Silfverberg        Drew Doughty             Roman Josi               

Goaltenders
Starting : Tuukka Rask              
Backup : Chad Johnson             

Extra Forwards
Normal : Riley Nash, David Backes, Alex Killorn - PP : Riley Nash, David Backes - PK : Alex Killorn
Extra Defensemen
Normal : Kevan Miller, Shea Theodore, Jay Bouwmeester - PP : Kevan Miller - PK : Shea Theodore, Jay Bouwmeester
Penalty Shots
Brad Marchand, Alex Killorn, Jakob Silfverberg, J.T. Miller, David Backes

Scratches
Frans Nielsen (Suspend)

DETROIT

5 vs 5 Forward 
   Center                   Left Wing                Right Wing               Time % Phy DF OF 
 1 Steven Stamkos           Taylor Hall              T.J. Oshie               35     1   2  2  
 2 Alex Galchenyuk          Dustin Brown             Kyle Palmieri            30     1   2  2  
 3 Luke Glendening          Yanni Gourde             Ryan Reaves              25     1   3  1  
 4 Kyle Brodziak            Matt Martin              Jay McClement            10     1   3  1  

5 vs 5 Defense 
   Defense                  Defense                                           Time % Phy DF OF 
 1 Aaron Ekblad             Oscar Klefbom                                     35     1   2  2  
 2 Josh Gorges              Ryan Murray                                       30     1   2  2  
 3 Nick Schultz             Cody Goloubef                                     25     1   2  2  
 4 Ryan Pulock              Aaron Ekblad                                      10     1   2  2  

PowerPlay Forward 
   Center                   Left Wing                Right Wing               Time % Phy DF OF 
 1 Kyle Brodziak            Taylor Hall              T.J. Oshie               60     1   2  2  
 2 Alex Galchenyuk          Dustin Brown             Kyle Palmieri            40     1   2  2  

PowerPlay Defense
   Defense                  Defense                                           Time % Phy DF OF 
 1 Aaron Ekblad             Oscar Klefbom                                     60     1   2  2  
 2 Josh Gorges              Ryan Murray                                       40     1   2  2  

Penalty Kill 4 Players Forward 
   Center                   Wing                     Time % Phy DF OF 
 1 Taylor Hall              T.J. Oshie               60     1   2  2  
 2 Kyle Brodziak            Kyle Palmieri            40     1   2  2  

Penalty Kill 4 Players Defense
   Defense                  Defense                  Time % Phy DF OF 
 1 Aaron Ekblad             Oscar Klefbom            60     1   2  2  
 2 Josh Gorges              Ryan Murray              40     1   2  2  

Penalty Kill - 3 Players Forward 
   Forward                                           Time % Phy DF OF 
 1 T.J. Oshie                                        60     1   2  2  
 2 Kyle Brodziak                                     40     1   2  2  

Penalty Kill - 3 Players Defense
   Defense                  Defense                  Time % Phy DF OF 
 1 Aaron Ekblad             Oscar Klefbom            60     1   2  2  
 2 Josh Gorges              Ryan Murray              40     1   2  2  

4 vs 4 Forward 
   Center                   Wing                     Time % Phy DF OF 
 1 Kyle Brodziak            T.J. Oshie               60     1   2  2  
 2 Taylor Hall              Kyle Palmieri            40     1   2  2  

4 vs 4 Defense
   Defense                  Defense                  Time % Phy DF OF 
 1 Aaron Ekblad             Oscar Klefbom            60     1   2  2  
 2 Josh Gorges              Ryan Murray              40     1   2  2  

Last Minutes Offensive
   Center                   Left Wing                Right Wing               Defense                  Defense                  
   Steven Stamkos           Taylor Hall              T.J. Oshie               Aaron Ekblad             Oscar Klefbom            

Last Minutes Defensive
   Center                   Left Wing                Right Wing               Defense                  Defense                  
   Steven Stamkos           Taylor Hall              T.J. Oshie               Aaron Ekblad             Oscar Klefbom            

Goaltenders
Starting : Michael Hutchinson       
Backup : John Gibson              

Extra Forwards
Normal : Luke Glendening, Kyle Brodziak, Yanni Gourde - PP : Luke Glendening, Kyle Brodziak - PK : Yanni Gourde
Extra Defensemen
Normal : Nick Schultz, Cody Goloubef, Ryan Pulock - PP : Nick Schultz - PK : Cody Goloubef, Ryan Pulock
Penalty Shots
Steven Stamkos, T.J. Oshie, Taylor Hall, Kyle Palmieri, Dustin Brown

Scratches
DET CAP HIT (Suspend)

% Time on Ice - BUFFALO

Lines # - Real PCT - Wanted PCT - Time Play
Normal Forward
1 - 34% - 35% - 15:01
2 - 27% - 35% - 11:39
3 - 14% - 22% - 6:07
4 - 25% - 8% - 10:57
Normal Defense
1 - 37% - 35% - 16:06
2 - 29% - 30% - 12:49
3 - 24% - 20% - 10:41
4 - 9% - 15% - 4:08
PP Forward
1 - 52% - 60% - 5:19
2 - 48% - 40% - 5:00
PP Defense
1 - 58% - 60% - 6:00
2 - 42% - 40% - 4:19
PK Forward
1 - 92% - 60% - 5:27
2 - 8% - 40% - 0:30
PK Defense
1 - 56% - 60% - 3:19
2 - 44% - 40% - 2:38
PK3 Forward
1 - 0% - 60%
2 - 0% - 40%
PK3 Defense
1 - 0% - 60%
2 - 0% - 40%
44 Forward
1 - 69% - 60% - 3:26
2 - 31% - 40% - 1:34
44 Defense
1 - 56% - 60% - 2:47
2 - 44% - 40% - 2:13
Last Minute Offensive  - 0:00
Last Minute Defensive  - 0:00
Total
Forward - 65:00
Defense - 65:00

% Time on Ice - DETROIT

Lines # - Real PCT - Wanted PCT - Time Play
Normal Forward
1 - 35% - 35% - 15:27
2 - 29% - 30% - 12:34
3 - 25% - 25% - 11:02
4 - 11% - 10% - 4:41
Normal Defense
1 - 31% - 35% - 13:25
2 - 32% - 30% - 14:10
3 - 29% - 25% - 12:53
4 - 7% - 10% - 3:16
PP Forward
1 - 45% - 60% - 2:41
2 - 55% - 40% - 3:16
PP Defense
1 - 65% - 60% - 3:52
2 - 35% - 40% - 2:05
PK Forward
1 - 67% - 60% - 6:56
2 - 33% - 40% - 3:23
PK Defense
1 - 53% - 60% - 5:30
2 - 47% - 40% - 4:49
PK3 Forward
1 - 94% - 60% - 1:52
2 - 6% - 40% - 0:07
PK3 Defense
1 - 29% - 60% - 0:34
2 - 71% - 40% - 1:25
44 Forward
1 - 78% - 60% - 2:21
2 - 22% - 40% - 0:40
44 Defense
1 - 76% - 60% - 2:18
2 - 24% - 40% - 0:43
Last Minute Offensive  - 0:00
Last Minute Defensive  - 0:00
Total
Forward - 65:00
Defense - 65:00

Play by Play

1st period


0:01 of 1st period - Steven Stamkos wins face-off versus Henrik Sedin in neutral zone.
0:10 of 1st period - Aaron Ekblad is hit by Milan Lucic and loses puck.
0:17 of 1st period - Shot by Brad Marchand.
0:17 of 1st period - Stopped by Michael Hutchinson with a rebound.
1:41 of 1st period - Icing by Jakob Silfverberg.
1:42 of 1st period - Alex Galchenyuk wins face-off versus David Backes in BUFFALO zone.
2:00 of 1st period - Jakob Silfverberg is hit by Dustin Brown and loses puck.
2:06 of 1st period - Minor Penalty to Dustin Brown for Holding.
2:07 of 1st period - Kyle Brodziak wins face-off versus Henrik Sedin in DETROIT zone.
2:53 of 1st period - Shot by Taylor Hall.
2:53 of 1st period - Shot Misses the Net.
3:02 of 1st period - Icing by Brad Marchand.
3:03 of 1st period - Yanni Gourde wins face-off versus David Backes in BUFFALO zone.
3:08 of 1st period - Shot by Aaron Ekblad.
3:08 of 1st period - Shot Misses the Net.
3:14 of 1st period - Aaron Ekblad is hit by David Backes and loses puck.
4:16 of 1st period - Shot by Alex Galchenyuk.
4:16 of 1st period - Stopped by Tuukka Rask without a rebound.
4:17 of 1st period - Riley Nash wins face-off versus Luke Glendening in BUFFALO zone.
4:21 of 1st period - Riley Nash is hit by Cody Goloubef and loses puck.
4:28 of 1st period - Shot by Frank Vatrano.
4:28 of 1st period - Shot Misses the Net.
4:30 of 1st period - Shot by Shea Theodore.
4:30 of 1st period - Shot Blocked by Cody Goloubef.
4:56 of 1st period - Riley Nash is hit by Luke Glendening and loses puck.
5:34 of 1st period - Shot by Alex Killorn.
5:34 of 1st period - Stopped by Michael Hutchinson without a rebound.
5:35 of 1st period - Henrik Sedin wins face-off versus Kyle Brodziak in DETROIT zone.
5:40 of 1st period - Shot by Henrik Sedin.
5:40 of 1st period - Stopped by Michael Hutchinson without a rebound.
5:41 of 1st period - Henrik Sedin wins face-off versus Dustin Brown in DETROIT zone.
6:29 of 1st period - Minor Penalty to Josh Gorges for Hooking.
6:30 of 1st period - Taylor Hall wins face-off versus David Backes in DETROIT zone.
6:43 of 1st period - Shot by David Backes.
6:43 of 1st period - Shot Blocked by Aaron Ekblad.
6:53 of 1st period - Shot by Noah Hanifin.
6:53 of 1st period - Goal by Noah Hanifin - BUFFALO : 1 - DETROIT : 0.
6:54 of 1st period - Riley Nash wins face-off versus Kyle Brodziak in neutral zone.
6:54 of 1st period - Riley Nash is hit by Matt Martin.
7:12 of 1st period - Nick Schultz is hit by Frank Vatrano and loses puck.
8:16 of 1st period - Shot by T.J. Oshie.
8:16 of 1st period - Stopped by Tuukka Rask without a rebound.
8:17 of 1st period - Luke Glendening wins face-off versus Henrik Sedin in BUFFALO zone.
8:24 of 1st period - Shot by Ryan Reaves.
8:24 of 1st period - Stopped by Tuukka Rask without a rebound.
8:25 of 1st period - Dustin Brown wins face-off versus J.T. Miller in BUFFALO zone.
8:28 of 1st period - Shot by Kyle Palmieri.
8:28 of 1st period - Shot Misses the Net.
8:31 of 1st period - Icing by Shea Theodore.
8:32 of 1st period - David Backes wins face-off versus Luke Glendening in BUFFALO zone.
9:43 of 1st period - Shot by Brad Marchand.
9:43 of 1st period - Stopped by Michael Hutchinson without a rebound.
9:44 of 1st period - Alex Galchenyuk wins face-off versus Riley Nash in DETROIT zone.
10:32 of 1st period - Off-side.
10:33 of 1st period - Steven Stamkos wins face-off versus Alex Killorn in neutral zone.
11:38 of 1st period - Milan Lucic is hit by Ryan Murray and loses puck.
11:53 of 1st period - Shot by Milan Lucic.
11:53 of 1st period - Shot Misses the Net.
11:55 of 1st period - Shot by Brad Marchand.
11:55 of 1st period - Stopped by Michael Hutchinson without a rebound.
11:56 of 1st period - Alex Galchenyuk wins face-off versus Riley Nash in DETROIT zone.
11:56 of 1st period - Alex Galchenyuk is hit by Frank Vatrano.
12:14 of 1st period - Shot by Dustin Brown.
12:14 of 1st period - Stopped by Tuukka Rask without a rebound.
12:15 of 1st period - David Backes wins face-off versus Luke Glendening in BUFFALO zone.
12:21 of 1st period - Shot by Jakob Silfverberg.
12:21 of 1st period - Stopped by Michael Hutchinson without a rebound.
12:22 of 1st period - David Backes wins face-off versus Kyle Palmieri in DETROIT zone.
12:35 of 1st period - Shot by Kyle Palmieri.
12:35 of 1st period - Deflect By Dustin Brown.
12:35 of 1st period - Stopped by Tuukka Rask without a rebound.
12:36 of 1st period - T.J. Oshie wins face-off versus Henrik Sedin in BUFFALO zone.
12:42 of 1st period - Icing by Brad Marchand.
12:43 of 1st period - Henrik Sedin wins face-off versus Steven Stamkos in BUFFALO zone.
12:52 of 1st period - Off-side.
12:53 of 1st period - David Backes wins face-off versus Luke Glendening in neutral zone.
13:32 of 1st period - Shot by J.T. Miller.
13:32 of 1st period - Shot Misses the Net.
14:18 of 1st period - Steven Stamkos is hit by Drew Doughty.
14:39 of 1st period - Minor Penalty to Drew Doughty for Holding.
14:40 of 1st period - Alex Galchenyuk wins face-off versus Dominic Moore in BUFFALO zone.
14:49 of 1st period - Shot by Oscar Klefbom.
14:49 of 1st period - Deflect By Dustin Brown.
14:49 of 1st period - Stopped by Tuukka Rask without a rebound.
14:50 of 1st period - Alex Galchenyuk wins face-off versus Alex Killorn in BUFFALO zone.
15:05 of 1st period - Shot by Oscar Klefbom.
15:05 of 1st period - Stopped by Tuukka Rask with a rebound.
15:54 of 1st period - Off-side.
15:55 of 1st period - Kyle Brodziak wins face-off versus David Backes in neutral zone.
16:02 of 1st period - Shot by T.J. Oshie.
16:02 of 1st period - Stopped by Tuukka Rask without a rebound.
16:03 of 1st period - David Backes wins face-off versus Kyle Palmieri in BUFFALO zone.
16:09 of 1st period - Icing by Ryan Murray.
16:10 of 1st period - David Backes wins face-off versus Alex Galchenyuk in DETROIT zone.
16:31 of 1st period - Shot by Alex Galchenyuk.
16:31 of 1st period - Shot Hit the Post.
16:40 of 1st period - Icing by Josh Gorges.
16:41 of 1st period - Steven Stamkos wins face-off versus Riley Nash in DETROIT zone.
17:18 of 1st period - Icing by Jay Bouwmeester.
17:19 of 1st period - Alex Galchenyuk wins face-off versus Riley Nash in BUFFALO zone.
17:27 of 1st period - Icing by Drew Doughty.
17:28 of 1st period - Riley Nash wins face-off versus Kyle Palmieri in BUFFALO zone.
17:38 of 1st period - Shot by Alex Galchenyuk.
17:38 of 1st period - Shot Blocked by Jay Bouwmeester.
17:40 of 1st period - Shot by Aaron Ekblad.
17:40 of 1st period - Stopped by Tuukka Rask with a rebound.
17:48 of 1st period - Shot by Alex Galchenyuk.
17:48 of 1st period - Goal by Alex Galchenyuk - BUFFALO : 1 - DETROIT : 1.
17:49 of 1st period - Steven Stamkos wins face-off versus Henrik Sedin in neutral zone.
18:21 of 1st period - Milan Lucic is hit by T.J. Oshie and loses puck.
19:34 of 1st period - Icing by Noah Hanifin.
19:35 of 1st period - Henrik Sedin wins face-off versus Luke Glendening in BUFFALO zone.
19:35 of 1st period - Henrik Sedin is hit by Ryan Reaves.
19:45 of 1st period - Luke Glendening is hit by Milan Lucic and loses puck.
Goals for this period are 1 for BUFFALO vs 1 for DETROIT.
Shots for this period are 7 for BUFFALO vs 10 for DETROIT.

2nd period


0:01 of 2nd period - Alex Galchenyuk wins face-off versus Dominic Moore in neutral zone.
0:08 of 2nd period - Shot by Dustin Brown.
0:08 of 2nd period - Deflect By Kyle Palmieri.
0:08 of 2nd period - Shot Blocked by Drew Doughty.
0:10 of 2nd period - Shot by Kyle Palmieri.
0:10 of 2nd period - Stopped by Tuukka Rask without a rebound.
0:11 of 2nd period - Steven Stamkos wins face-off versus David Backes in BUFFALO zone.
0:14 of 2nd period - Shot by Steven Stamkos.
0:14 of 2nd period - Stopped by Tuukka Rask with a rebound.
0:19 of 2nd period - Minor Penalty to Taylor Hall for Tripping.
0:20 of 2nd period - Yanni Gourde wins face-off versus David Backes in DETROIT zone.
0:34 of 2nd period - Shot by Roman Josi.
0:34 of 2nd period - Shot Misses the Net.
0:36 of 2nd period - Shot by David Backes.
0:36 of 2nd period - Stopped by Michael Hutchinson with a rebound.
0:40 of 2nd period - Shot by David Backes.
0:40 of 2nd period - Stopped by Michael Hutchinson with a rebound.
2:06 of 2nd period - Shot by Milan Lucic.
2:06 of 2nd period - Shot Misses the Net.
2:08 of 2nd period - Shot by Noah Hanifin.
2:08 of 2nd period - Stopped by Michael Hutchinson without a rebound.
2:09 of 2nd period - Henrik Sedin wins face-off versus Jay McClement in DETROIT zone.
3:30 of 2nd period - Shot by Alex Killorn.
3:30 of 2nd period - Shot Misses the Net.
3:32 of 2nd period - Shot by Alex Killorn.
3:32 of 2nd period - Stopped by Michael Hutchinson with a rebound.
4:28 of 2nd period - Shot by Brad Marchand.
4:28 of 2nd period - Stopped by Michael Hutchinson without a rebound.
4:29 of 2nd period - David Backes wins face-off versus Luke Glendening in DETROIT zone.
4:29 of 2nd period - J.T. Miller is hit by Aaron Ekblad and loses puck.
4:58 of 2nd period - Shot by J.T. Miller.
4:58 of 2nd period - Deflect By Jakob Silfverberg.
4:58 of 2nd period - Stopped by Michael Hutchinson without a rebound.
4:59 of 2nd period - Henrik Sedin wins face-off versus Steven Stamkos in DETROIT zone.
5:35 of 2nd period - Icing by Cody Goloubef.
5:36 of 2nd period - Steven Stamkos wins face-off versus Riley Nash in DETROIT zone.
5:41 of 2nd period - Drew Doughty is hit by T.J. Oshie.
6:13 of 2nd period - Shot by Aaron Ekblad.
6:13 of 2nd period - Stopped by Tuukka Rask with a rebound.
6:44 of 2nd period - Icing by Jay Bouwmeester.
6:45 of 2nd period - Kyle Brodziak wins face-off versus Riley Nash in BUFFALO zone.
6:52 of 2nd period - Shot by Matt Martin.
6:52 of 2nd period - Shot Misses the Net.
8:03 of 2nd period - Minor Penalty to David Backes for Roughing.
8:04 of 2nd period - Alex Galchenyuk wins face-off versus Alex Killorn in BUFFALO zone.
8:49 of 2nd period - Shot by Aaron Ekblad.
8:49 of 2nd period - Shot Misses the Net.
9:19 of 2nd period - Shot by Taylor Hall.
9:19 of 2nd period - Stopped by Tuukka Rask without a rebound.
9:20 of 2nd period - Dominic Moore wins face-off versus Luke Glendening in BUFFALO zone.
9:36 of 2nd period - Shot by T.J. Oshie.
9:36 of 2nd period - Shot Misses the Net.
9:38 of 2nd period - Shot by Oscar Klefbom.
9:38 of 2nd period - Deflect By Taylor Hall.
9:38 of 2nd period - Shot Misses the Net.
9:40 of 2nd period - Shot by Oscar Klefbom.
9:40 of 2nd period - Shot Blocked by Jay Bouwmeester.
9:42 of 2nd period - Shot by T.J. Oshie.
9:42 of 2nd period - Shot Misses the Net.
10:40 of 2nd period - Minor Penalty to Dustin Brown for Tripping.
10:41 of 2nd period - Henrik Sedin wins face-off versus T.J. Oshie in DETROIT zone.
10:54 of 2nd period - Shot by Roman Josi.
10:54 of 2nd period - Stopped by Michael Hutchinson with a rebound.
11:28 of 2nd period - Josh Gorges is hit by David Backes and loses puck.
11:35 of 2nd period - Shot by David Backes.
11:35 of 2nd period - Stopped by Michael Hutchinson without a rebound.
11:36 of 2nd period - Kyle Brodziak wins face-off versus David Backes in DETROIT zone.
11:51 of 2nd period - Shot by Roman Josi.
11:51 of 2nd period - Stopped by Michael Hutchinson without a rebound.
11:52 of 2nd period - Taylor Hall wins face-off versus David Backes in DETROIT zone.
12:05 of 2nd period - Shot by Shea Theodore.
12:05 of 2nd period - Stopped by Michael Hutchinson without a rebound.
12:06 of 2nd period - Henrik Sedin wins face-off versus Taylor Hall in DETROIT zone.
12:09 of 2nd period - Shot by Drew Doughty.
12:09 of 2nd period - Deflect By J.T. Miller.
12:09 of 2nd period - Shot Blocked by Oscar Klefbom.
12:18 of 2nd period - Icing by J.T. Miller.
12:19 of 2nd period - Henrik Sedin wins face-off versus Taylor Hall in BUFFALO zone.
13:17 of 2nd period - Minor Penalty to David Backes for Holding.
13:18 of 2nd period - Kyle Brodziak wins face-off versus Dominic Moore in BUFFALO zone.
13:26 of 2nd period - T.J. Oshie is hit by Noah Hanifin and loses puck.
13:39 of 2nd period - Roman Josi is hit by Taylor Hall and loses puck.
14:10 of 2nd period - Off-side.
14:11 of 2nd period - Alex Killorn wins face-off versus Alex Galchenyuk in neutral zone.
14:52 of 2nd period - Shot by Kyle Palmieri.
14:52 of 2nd period - Shot Blocked by Milan Lucic.
14:54 of 2nd period - Shot by Josh Gorges.
14:54 of 2nd period - Shot Misses the Net.
15:12 of 2nd period - Icing by T.J. Oshie.
15:13 of 2nd period - Alex Killorn wins face-off versus Kyle Brodziak in DETROIT zone.
15:32 of 2nd period - Shot by Ryan Reaves.
15:32 of 2nd period - Shot Misses the Net.
15:34 of 2nd period - Shot by Cody Goloubef.
15:34 of 2nd period - Shot Misses the Net.
15:49 of 2nd period - Icing by Kevan Miller.
15:50 of 2nd period - Steven Stamkos wins face-off versus David Backes in BUFFALO zone.
15:51 of 2nd period - Shot by Aaron Ekblad.
15:51 of 2nd period - Stopped by Tuukka Rask without a rebound.
15:52 of 2nd period - Henrik Sedin wins face-off versus Steven Stamkos in BUFFALO zone.
15:52 of 2nd period - Henrik Sedin is hit by T.J. Oshie.
16:14 of 2nd period - Shot by Steven Stamkos.
16:14 of 2nd period - Shot Misses the Net.
16:45 of 2nd period - Minor Penalty to Kyle Palmieri for High sticking.
16:46 of 2nd period - Kyle Brodziak wins face-off versus David Backes in DETROIT zone.
16:51 of 2nd period - Noah Hanifin is hit by Yanni Gourde and loses puck.
18:27 of 2nd period - Icing by David Backes.
18:28 of 2nd period - David Backes wins face-off versus Taylor Hall in BUFFALO zone.
18:43 of 2nd period - Shot by Noah Hanifin.
18:43 of 2nd period - Stopped by Michael Hutchinson without a rebound.
18:44 of 2nd period - Henrik Sedin wins face-off versus Taylor Hall in DETROIT zone.
19:01 of 2nd period - Shot by Kyle Palmieri.
19:01 of 2nd period - Stopped by Tuukka Rask without a rebound.
19:02 of 2nd period - Dominic Moore wins face-off versus Luke Glendening in BUFFALO zone.
19:02 of 2nd period - Dominic Moore is hit by Luke Glendening.
19:07 of 2nd period - Off-side.
19:08 of 2nd period - Alex Galchenyuk wins face-off versus Henrik Sedin in neutral zone.
19:11 of 2nd period - Shot by Dustin Brown.
19:11 of 2nd period - Shot Blocked by Noah Hanifin.
19:21 of 2nd period - Shot by Kyle Palmieri.
19:21 of 2nd period - Stopped by Tuukka Rask without a rebound.
19:22 of 2nd period - Steven Stamkos wins face-off versus David Backes in BUFFALO zone.
19:31 of 2nd period - T.J. Oshie is hit by David Backes and loses puck.
19:37 of 2nd period - Icing by T.J. Oshie.
19:38 of 2nd period - Steven Stamkos wins face-off versus Henrik Sedin in DETROIT zone.
Goals for this period are 0 for BUFFALO vs 0 for DETROIT.
Shots for this period are 11 for BUFFALO vs 7 for DETROIT.

3rd period


0:01 of 3rd period - David Backes wins face-off versus Alex Galchenyuk in neutral zone.
0:10 of 3rd period - Shot by Drew Doughty.
0:10 of 3rd period - Shot Misses the Net.
0:12 of 3rd period - Shot by Jay Bouwmeester.
0:12 of 3rd period - Shot Misses the Net.
0:14 of 3rd period - Shot by Jakob Silfverberg.
0:14 of 3rd period - Shot Blocked by Aaron Ekblad.
0:18 of 3rd period - Shot by J.T. Miller.
0:18 of 3rd period - Stopped by Michael Hutchinson without a rebound.
0:19 of 3rd period - Henrik Sedin wins face-off versus Steven Stamkos in DETROIT zone.
0:32 of 3rd period - Shot by Taylor Hall.
0:32 of 3rd period - Stopped by Tuukka Rask without a rebound.
0:33 of 3rd period - Alex Galchenyuk wins face-off versus David Backes in BUFFALO zone.
0:49 of 3rd period - Icing by Aaron Ekblad.
0:50 of 3rd period - Alex Galchenyuk wins face-off versus Henrik Sedin in DETROIT zone.
1:10 of 3rd period - Shot by Dustin Brown.
1:10 of 3rd period - Stopped by Tuukka Rask without a rebound.
1:11 of 3rd period - Steven Stamkos wins face-off versus David Backes in BUFFALO zone.
1:21 of 3rd period - Shot by Steven Stamkos.
1:21 of 3rd period - Deflect By T.J. Oshie.
1:21 of 3rd period - Shot Misses the Net.
1:23 of 3rd period - Shot by Taylor Hall.
1:23 of 3rd period - Deflect By T.J. Oshie.
1:23 of 3rd period - Stopped by Tuukka Rask with a rebound.
1:36 of 3rd period - Icing by Jay Bouwmeester.
1:37 of 3rd period - Alex Galchenyuk wins face-off versus David Backes in BUFFALO zone.
1:42 of 3rd period - Shot by Dustin Brown.
1:42 of 3rd period - Stopped by Tuukka Rask with a rebound.
1:44 of 3rd period - Shot by Oscar Klefbom.
1:44 of 3rd period - Shot Blocked by Drew Doughty.
1:46 of 3rd period - Shot by Dustin Brown.
1:46 of 3rd period - Stopped by Tuukka Rask without a rebound.
1:47 of 3rd period - Luke Glendening wins face-off versus Henrik Sedin in BUFFALO zone.
1:54 of 3rd period - Shot by Brad Marchand.
1:54 of 3rd period - Stopped by Michael Hutchinson with a rebound.
2:18 of 3rd period - Icing by Aaron Ekblad.
2:19 of 3rd period - Luke Glendening wins face-off versus Dominic Moore in DETROIT zone.
3:29 of 3rd period - Shot by T.J. Oshie.
3:29 of 3rd period - Stopped by Tuukka Rask with a rebound.
3:31 of 3rd period - Shot by T.J. Oshie.
3:31 of 3rd period - Stopped by Tuukka Rask with a rebound.
3:33 of 3rd period - Shot by Steven Stamkos.
3:33 of 3rd period - Shot Blocked by Noah Hanifin.
3:46 of 3rd period - Steven Stamkos is hit by Noah Hanifin.
5:28 of 3rd period - Jakob Silfverberg is hit by Matt Martin and loses puck.
5:50 of 3rd period - Icing by J.T. Miller.
5:51 of 3rd period - Steven Stamkos wins face-off versus David Backes in BUFFALO zone.
5:52 of 3rd period - Shot by Taylor Hall.
5:52 of 3rd period - Deflect By T.J. Oshie.
5:52 of 3rd period - Shot Misses the Net.
5:54 of 3rd period - Shot by Taylor Hall.
5:54 of 3rd period - Stopped by Tuukka Rask without a rebound.
5:55 of 3rd period - Henrik Sedin wins face-off versus Steven Stamkos in BUFFALO zone.
5:57 of 3rd period - Icing by Brad Marchand.
5:58 of 3rd period - Henrik Sedin wins face-off versus Steven Stamkos in BUFFALO zone.
6:05 of 3rd period - Shot by Brad Marchand.
6:05 of 3rd period - Shot Blocked by Josh Gorges.
6:28 of 3rd period - Icing by Roman Josi.
6:29 of 3rd period - Alex Galchenyuk wins face-off versus Henrik Sedin in BUFFALO zone.
6:42 of 3rd period - Shot by Brad Marchand.
6:42 of 3rd period - Shot Blocked by Oscar Klefbom.
6:44 of 3rd period - Shot by Noah Hanifin.
6:44 of 3rd period - Stopped by Michael Hutchinson without a rebound.
6:45 of 3rd period - Luke Glendening wins face-off versus David Backes in DETROIT zone.
7:11 of 3rd period - Jakob Silfverberg is hit by Nick Schultz and loses puck.
8:12 of 3rd period - Shot by Milan Lucic.
8:12 of 3rd period - Deflect By Brad Marchand.
8:12 of 3rd period - Shot Misses the Net.
8:14 of 3rd period - Shot by Brad Marchand.
8:14 of 3rd period - Deflect By Henrik Sedin.
8:14 of 3rd period - Goal by Henrik Sedin - BUFFALO : 2 - DETROIT : 1.
8:15 of 3rd period - Alex Galchenyuk wins face-off versus Riley Nash in neutral zone.
8:30 of 3rd period - Shot by Kyle Palmieri.
8:30 of 3rd period - Shot Misses the Net.
8:32 of 3rd period - Shot by Alex Galchenyuk.
8:32 of 3rd period - Shot Blocked by Roman Josi.
8:34 of 3rd period - Shot by Ryan Murray.
8:34 of 3rd period - Stopped by Tuukka Rask without a rebound.
8:35 of 3rd period - Kyle Brodziak wins face-off versus Henrik Sedin in BUFFALO zone.
8:36 of 3rd period - Shot by Ryan Pulock.
8:36 of 3rd period - Stopped by Tuukka Rask with a rebound.
11:27 of 3rd period - Shot by Luke Glendening.
11:27 of 3rd period - Goal by Luke Glendening - BUFFALO : 2 - DETROIT : 2.
11:28 of 3rd period - Kyle Brodziak wins face-off versus Milan Lucic in neutral zone.
11:55 of 3rd period - Shot by Brad Marchand.
11:55 of 3rd period - Stopped by Michael Hutchinson without a rebound.
11:56 of 3rd period - David Backes wins face-off versus Steven Stamkos in DETROIT zone.
12:09 of 3rd period - Shot by David Backes.
12:09 of 3rd period - Shot Blocked by Josh Gorges.
12:11 of 3rd period - Shot by J.T. Miller.
12:11 of 3rd period - Shot Blocked by Josh Gorges.
12:13 of 3rd period - Shot by David Backes.
12:13 of 3rd period - Shot Blocked by Josh Gorges.
12:26 of 3rd period - Jakob Silfverberg is hit by Josh Gorges and loses puck.
13:56 of 3rd period - Oscar Klefbom is hit by Frank Vatrano and loses puck.
14:34 of 3rd period - Icing by Aaron Ekblad.
14:35 of 3rd period - Dominic Moore wins face-off versus Alex Galchenyuk in DETROIT zone.
14:38 of 3rd period - Shot by David Backes.
14:38 of 3rd period - Stopped by Michael Hutchinson without a rebound.
14:39 of 3rd period - Luke Glendening wins face-off versus David Backes in DETROIT zone.
14:44 of 3rd period - Shot by Ryan Reaves.
14:44 of 3rd period - Stopped by Tuukka Rask without a rebound.
14:45 of 3rd period - Luke Glendening wins face-off versus David Backes in BUFFALO zone.
14:53 of 3rd period - Minor Penalty to Cody Goloubef for Holding.
14:54 of 3rd period - Taylor Hall wins face-off versus David Backes in DETROIT zone.
14:54 of 3rd period - Taylor Hall is hit by David Backes.
16:22 of 3rd period - Shot by Noah Hanifin.
16:22 of 3rd period - Stopped by Michael Hutchinson with a rebound.
16:24 of 3rd period - Shot by Noah Hanifin.
16:24 of 3rd period - Stopped by Michael Hutchinson with a rebound.
17:20 of 3rd period - Frank Vatrano is hit by Nick Schultz.
18:09 of 3rd period - Shea Theodore is hit by Kyle Palmieri and loses puck.
18:19 of 3rd period - Shea Theodore is hit by Kyle Palmieri and loses puck.
18:58 of 3rd period - Icing by Roman Josi.
18:59 of 3rd period - Steven Stamkos wins face-off versus Henrik Sedin in BUFFALO zone.
19:05 of 3rd period - T.J. Oshie is hit by Noah Hanifin and loses puck.
19:35 of 3rd period - Noah Hanifin is hit by Steven Stamkos and loses puck.
Goals for this period are 1 for BUFFALO vs 1 for DETROIT.
Shots for this period are 8 for BUFFALO vs 12 for DETROIT.

Overtime #1


0:01 of 1st overtime period - Jakob Silfverberg wins face-off versus Kyle Brodziak in neutral zone.
0:03 of 1st overtime period - Brad Marchand is hit by Aaron Ekblad and loses puck.
0:08 of 1st overtime period - Shot by Brad Marchand.
0:08 of 1st overtime period - Deflect By Jakob Silfverberg.
0:08 of 1st overtime period - Shot Misses the Net.
0:17 of 1st overtime period - Brad Marchand is hit by Aaron Ekblad and loses puck.
1:17 of 1st overtime period - Minor Penalty to Josh Gorges for Hooking.
1:18 of 1st overtime period - T.J. Oshie wins face-off versus Jakob Silfverberg in DETROIT zone.
1:30 of 1st overtime period - Shot by Brad Marchand.
1:30 of 1st overtime period - Shot Misses the Net.
2:13 of 1st overtime period - Shot by Alex Killorn.
2:13 of 1st overtime period - Stopped by Michael Hutchinson without a rebound.
2:14 of 1st overtime period - T.J. Oshie wins face-off versus J.T. Miller in DETROIT zone.
2:33 of 1st overtime period - Shot by Roman Josi.
2:33 of 1st overtime period - Shot Misses the Net.
2:50 of 1st overtime period - Icing by Drew Doughty.
2:51 of 1st overtime period - Kyle Brodziak wins face-off versus J.T. Miller in BUFFALO zone.
3:57 of 1st overtime period - Icing by Drew Doughty.
3:58 of 1st overtime period - Taylor Hall wins face-off versus Riley Nash in BUFFALO zone.
4:10 of 1st overtime period - Shot by Kyle Palmieri.
4:10 of 1st overtime period - Stopped by Tuukka Rask without a rebound.
4:11 of 1st overtime period - Jakob Silfverberg wins face-off versus Kyle Brodziak in BUFFALO zone.
4:13 of 1st overtime period - Icing by Brad Marchand.
4:14 of 1st overtime period - Jakob Silfverberg wins face-off versus Kyle Brodziak in BUFFALO zone.
4:14 of 1st overtime period - Jakob Silfverberg is hit by T.J. Oshie.
4:38 of 1st overtime period - Icing by T.J. Oshie.
4:39 of 1st overtime period - Kyle Brodziak wins face-off versus Jakob Silfverberg in DETROIT zone.
Goals for this period are 0 for BUFFALO vs 0 for DETROIT.
Shots for this period are 1 for BUFFALO vs 1 for DETROIT.

ShootOut


5:00 of 1st overtime period - Penalty Shot by Brad Marchand for BUFFALO.
5:00 of 1st overtime period - Goal by Brad Marchand.
5:00 of 1st overtime period - Penalty Shot by Steven Stamkos for DETROIT.
5:00 of 1st overtime period - Goal by Steven Stamkos.
5:00 of 1st overtime period - Penalty Shot by Alex Killorn for BUFFALO.
5:00 of 1st overtime period - Shot Misses the Net.
5:00 of 1st overtime period - Penalty Shot by T.J. Oshie for DETROIT.
5:00 of 1st overtime period - Stopped by Tuukka Rask.
5:00 of 1st overtime period - Penalty Shot by Jakob Silfverberg for BUFFALO.
5:00 of 1st overtime period - Stopped by Michael Hutchinson.
5:00 of 1st overtime period - Penalty Shot by Taylor Hall for DETROIT.
5:00 of 1st overtime period - Stopped by Tuukka Rask.
5:00 of 1st overtime period - Penalty Shot by J.T. Miller for BUFFALO.
5:00 of 1st overtime period - Goal by J.T. Miller.
5:00 of 1st overtime period - Penalty Shot by Kyle Palmieri for DETROIT.
5:00 of 1st overtime period - Stopped by Tuukka Rask.